 Dungeon Crawl Stone Soup version 0.31-a0-204-g7da18cac08 (webtiles) character file.

Game seed: 3638066459427495767

44 testman the Stinger (level 3, -8/24 HPs)
             Began as a Demonspawn Venom Mage on June 27, 2023.
             Mangled by a worm (11 damage)
             ... on level 2 of the Dungeon.
             The game lasted 00:04:31 (1425 turns).

testman the Stinger (Demonspawn Venom Mage)         Turns: 1425, Time: 00:04:31

Health: -8/24      AC:  3    Str:  8    XL:     3   Next: 41%
Magic:  1/6        EV: 11    Int: 18    God:
Gold:   30         SH:  0    Dex: 15    Spells: 3/6 levels left

rFire   . . .        c - +0 short sword
rCold   . . .        (no shield)
rNeg    . . .        d - +0 leather armour
rPois   .            (no helmet)
rElec   .            (no cloak)
rCorr   .            (no gloves)
SInv    .            (no boots)
Will    .....        (no amulet)
Stlth   +++          (no ring)
HPRegen 0.24/turn    (no ring)
MPRegen 0.10/turn

%: no passive effects
@: very slightly contaminated
A: thin skeletal structure 1, foul stench 1
a: no special abilities


You were on level 2 of the Dungeon.
You visited 1 branch of the dungeon, and saw 2 of its levels.

You collected 30 gold pieces.

Inventory:

Hand Weapons
 c - a +0 short sword (weapon)
Armour
 a - a +0 robe
 d - a +0 leather armour (worn)
Jewellery
 j - an amulet of magic regeneration
Scrolls
 e - 3 scrolls of teleportation {unknown}
 f - a scroll of blinking {unknown}
 g - 3 scrolls of amnesia {unknown}
 i - a scroll of identify {unknown}
Potions
 b - a potion of magic
 h - a potion of mutation {unknown}


   Skills:
 - Level 1.7 Dodging
 - Level 1.7 Stealth
 - Level 2.0 Spellcasting
 + Level 0.7 Conjurations
 - Level 1.0 Transmutations
 + Level 2.6 Air Magic
 - Level 3.0 Poison Magic


You had 3 spell levels left.
You knew the following spells:

 Your Spells              Type           Power      Damage    Failure   Level
a - Sting                 Tmut/Pois      36%        1d4       12%         1
b - Poisonous Vapours     Pois/Air       22%        N/A       13%         2

Your spell library contained the following spells:

 Spells                   Type           Power      Damage    Failure   Level
 Mephitic Cloud           Conj/Pois/Air  9%         N/A       32%         3
 Dazzling Flash           Conj/Hex       6%         N/A       56%         3
 Volatile Blastmotes      Fire/Tloc      2%         2d10      61%         3
 Olgreb's Toxic Radiance  Pois           12%        N/A       58%         4
 Iskenderun's Mystic Bla  Conj/Tloc      3%         2d3       92%         4
 Starburst                Conj/Fire      1%         6d3       100%        6


Dungeon Overview and Level Annotations

Branches:
Dungeon (2/15)

Altars:


Innate Abilities, Weirdness & Mutations

You have a somewhat thin skeletal structure. (Dex +2, Stealth+)
You may rarely emit foul miasma when damaged in melee.


Message History

Aiming: Sting (safe; 12% risk of failure)
Press: ? - help, Q - select action, (/) - cycle Shift-Dir - straight line, f/p - worm
Aim: a worm (lightly wounded, 89% to hit)
The sting hits the worm.
The worm is poisoned.
The worm is moderately wounded.
The worm bites you!
Aiming: Sting (safe; 12% risk of failure)
Press: ? - help, Q - select action, (/) - cycle Shift-Dir - straight line, f/p - worm
Aim: a worm (moderately wounded, poisoned, 89% to hit)
The sting hits the worm.
The worm looks even sicker.
The worm is heavily wounded.
The worm completely misses you.
You hit the worm but do no damage.
The worm is heavily wounded.
You hit the worm.
The worm is heavily wounded.
The worm bites you.
You hit the worm.
The worm is severely wounded.
You barely miss the worm.
The worm is severely wounded.
The worm barely misses you.
You hit the worm.
The worm is severely wounded.
The worm barely misses you.
You hit the worm but do no damage.
The worm is severely wounded.
You barely miss the worm.
The worm is severely wounded.
The worm misses you.
You hit the worm.
The worm is severely wounded.
You hit the worm.
The worm is almost dead.
The worm bites you!
* * * LOW HITPOINT WARNING * * *
You hit the worm but do no damage.
The worm is almost dead.
The worm bites you!
You die...

### ..# #.# #w#
#@# #.# #.#
##.# #..# #
#####†####.##
.##............
.............##
....###.######


You could see a worm (poisoned).

Vanquished Creatures
  An adder (D:2)
  A dart slug (D:1)
  4 ball pythons
  An endoplasm (D:1)
  4 giant cockroaches (D:1)
  2 goblins
  3 hobgoblins
  3 kobolds
  5 bats (D:1)
  2 frilled lizards (D:1)
  3 rats
29 creatures vanquished.

Notes
Turn   | Place    | Note
-------+----------+-------------------------------------------
     0 | D:1      | testman the Demonspawn Venom Mage began the quest for the
                  | Orb.
     0 | D:1      | Reached XP level 1. HP: 13/13 MP: 3/3
    41 | D:1      | Reached skill level 1 in Transmutations
   101 | D:1      | Reached skill level 1 in Air Magic
   196 | D:1      | Gained mutation: You may rarely emit foul miasma when
                  | damaged in melee. [demonic ancestry]
   196 | D:1      | Reached XP level 2. HP: 14/19 MP: 1/5
   253 | D:1      | Learned a level 2 spell: Poisonous Vapours
   678 | D:1      | Found a faded altar of an unknown god.
   881 | D:1      | Gained mutation: You have a somewhat thin skeletal
                  | structure. (Dex +2, Stealth+) [demonic ancestry]
   881 | D:1      | Reached XP level 3. HP: 24/24 MP: 4/6
  1425 | D:2      | Mangled by a worm

Illustrated notes

Levels and vault maps discovered:
D:1:      dpeg_arrival_boxes_within_box, layout_basic,
          nicolae_ecumenical_snake_handling, amethyst_killhole
D:2:      layout_loops_ring

Skill      XL: |  1  2 |
---------------+-------+-----
Transmutations | 1 |  1.0
Air Magic      | 1 2 |  2.6
Dodging        | |  1.7
Stealth        | |  1.7
Spellcasting   | |  2.0
Conjurations   | |  0.7
Poison Magic   | |  3.0

Action                     || total
---------------------------++-------
  Melee: Short sword       ||    53
   Cast: Sting             ||    42
         Poisonous Vapours ||     1
   Stab: Sleeping          ||     2
 Armour: Robe              ||     3
         Leather armour    ||    19
  Dodge: Dodged            ||    28

Table legend: (Time is in decaauts)
 A = Elapsed time spent in this place.
 B = Non-inter-level travel time spent in this place.
 C = Inter-level travel time spent in this place.
 D = Time resting spent in this place.
 E = Time spent auto-exploring this place.
 F = Levels seen in this place.
 G = Mean time per level.
                   A        B        C        D        E       F      G
               +--------+--------+--------+--------+--------+-----+--------+
         Total |   1424 |   1400 |     24 |     23 |   1127 |   2 |  712.0 |
       Dungeon |   1424 |   1400 |     24 |     23 |   1127 |   2 |  712.0 |
               +--------+--------+--------+--------+--------+-----+--------+

Top non-repeatable levels by time:
     D:1: 969 daAuts
     D:2: 454 daAuts
